 Dungeon Crawl Stone Soup version 0.31.0-32-g396128a36d (webtiles) character file.

Game seed: 5331635414552974346

625 gohu the Magician (level 7, -9/45 HPs)
             Began as a Djinni Fire Elementalist on Mar 17, 2024.
             Mangled by an iguana (10 damage)
             ... on level 5 of the Dungeon.
             The game lasted 00:05:32 (3423 turns).

gohu the Magician (Djinni Fire Elementalist)        Turns: 3423, Time: 00:05:32

Health: -9/45      AC:  2    Str:  7    XL:     7   Next: 76%
Gold:   387        EV: 12    Int: 18    God:
                   SH:  0    Dex: 14

rFire   + + .        l - +2 dagger (venom)
rCold   x . .        (no shield)
rNeg    . . .        a - +0 robe
rPois   ∞            (no helmet)
rElec   .            (no cloak)
rCorr   .            (no gloves)
SInv    .            (boots unavailable)
Will    .....        (no amulet)
Stlth   ++           (no ring)
HPRegen 0.27/turn    (no ring)
MPRegen 0.00/turn

%: infuse magic (-10 HP)
@: flying
A: sickness immunity, fire resistance 2, cold vulnerability 1, float, innate
caster, HP casting, extra vitality 1
a: no special abilities


You were on level 5 of the Dungeon.
You visited 1 branch of the dungeon, and saw 5 of its levels.

You collected 387 gold pieces.

Inventory:

Hand Weapons
 l - a +2 dagger of venom (weapon)
Armour
 a - a +0 robe (worn)
Jewellery
 v - a ring of ice
Wands
 r - a wand of flame (19)
Scrolls
 d - a scroll of enchant weapon {unknown}
 g - a scroll of amnesia {unknown}
 h - a scroll of immolation {unknown}
 i - 4 scrolls of teleportation {unknown}
 j - a scroll of blinking {unknown}
 k - a scroll of revelation {unknown}
 o - 3 scrolls of vulnerability {unknown}
 q - a scroll of identify {unknown}
 s - a scroll of enchant armour {unknown}
 u - a scroll of silence {unknown}
Potions
 b - a potion of curing {unknown}
 c - 2 potions of berserk rage {unknown}
 e - a potion of attraction {unknown}
 f - 2 potions of mutation {unknown}
 m - a potion of cancellation {unknown}
 n - 2 potions of might {unknown}
 p - a potion of resistance {unknown}
 t - a potion of magic {unknown}
 w - a potion of ambrosia {unknown}


   Skills:
 - Level 2.1 Dodging
 - Level 1.5 Stealth
 + Level 6.9 Spellcasting
 + Level 6.9 Conjurations
 + Level 6.9 Hexes
 + Level 6.9 Summonings
 + Level 6.9 Necromancy
 + Level 6.9 Translocations
 + Level 6.9 Fire Magic
 + Level 6.9 Ice Magic
 + Level 6.9 Air Magic
 + Level 6.9 Earth Magic
 + Level 6.9 Alchemy


You knew the following spells:

 Your Spells              Type           Power      Damage    Failure   Level
a - Foxfire               Conj/Fire      100%       2x1d9     1%          1
b - Scorch                Fire           62%        2d7       1%          2
c - Flame Wave            Conj/Fire      31%        2d9       6%          4
d - Inner Flame           Hex/Fire       31%        N/A       1%          3
e - Volatile Blastmotes   Fire/Tloc      62%        2d15      1%          3
f - Apportation           Tloc           62%        N/A       1%          1
g - Static Discharge      Conj/Air       62%        3-6/arc   1%          2
h - Tukima's Dance        Hex            31%        N/A       1%          3
Your spell library was empty.

Dungeon Overview and Level Annotations

Branches:
Dungeon (5/15)
 Temple: D:4-7

Altars:

Annotations:
D:2 1 runed translucent door, Crazy Yiuf
D:4 1 runed translucent door, diceflayer's ghost, novice DsFi


Innate Abilities, Weirdness & Mutations

You are immune to sickness and miasma.
You are immune to poison.
Your flesh is very heat resistant. (rF++)
You are vulnerable to cold. (rC-)
You float through the air rather than walking.
You learn spells naturally, not from books.
Your magical power is your life essence.
You have superior vitality. (+4 MHP)


Message History

The orc is moderately wounded.
The hound bites you but does no damage.
A hound comes into view.
The hound bites you but does no damage. The hound closely misses you. x2
A shadow imp comes into view.
The orc hits you with a +0 club.
An adder comes into view.
The hound attacks as it pursues you! The hound misses you.
The orc barely misses you.
The sentinel's mark upon you fades away.
The hound pauses to sniff the ground.
The hound bites you. x2
The hound attacks as it pursues you! The hound bites you.
The orc hits you with a +0 club.
* * * LOW HITPOINT WARNING * * *
You hit the shadow imp.
The shadow imp is poisoned.
The shadow imp is lightly wounded.
You kill the orc!
The hound barely misses you. The hound bites you.
* * * LOW HITPOINT WARNING * * *
The hound misses you. x2; The shadow imp barely misses you.
You can't go up here!
Casting: Foxfire (safe; 1% risk of failure)
Confirm with . or Enter, or press ? or * to list all spells.
Casting: Flame Wave (dangerous; 6% risk of failure)
Press: ? - help, Dir - look around, f - activate A wave of flame ripples out!
The flame wave engulfs the iguana!
The iguana is severely wounded.
The flame wave engulfs the hound!
The hound is heavily wounded.
The flame wave engulfs the hound!
The hound is severely wounded.
The flame wave engulfs the shadow imp!
You kill the shadow imp! (Press . to intensify the flame waves.)
* * * LOW HITPOINT WARNING * * *
The hound bites you.
* * * LOW HITPOINT WARNING * * *
The hound barely misses you. The adder barely misses you. The iguana bites you!
You die...

#...........#
#...........#
#...........#
............# #####
...#........###...#
..#..............#
#..............#
#######....hl..#######
#.....h@S.......
#.....h.########
#.......# #########


You could see an iguana, 3 hounds and an adder.

Vanquished Creatures
  An ogre (D:4)
  2 scorpions
  2 hounds
  A jelly (D:5)
  A bombardier beetle (D:4)
  An orc priest (D:4)
  An iguana (D:4)
  Terence (D:3)
  An orc wizard (D:4)
  7 gnolls
  4 adders
  A shadow imp (D:5)
  2 dart slugs (D:4)
  A ribbon worm (D:3)
  13 orcs
  4 bats
  6 endoplasms
  2 giant cockroaches (D:1)
  5 goblins
  9 hobgoblins
  9 kobolds
  2 quokkas
  7 ball pythons
  3 frilled lizards
  6 rats
92 creatures vanquished.

Vanquished Creatures (collateral kills)
  3 foxfires (D:1)
3 creatures vanquished.

Vanquished Creatures (others)
  269 foxfires
269 creatures vanquished.

Grand Total: 364 creatures vanquished

Notes
Turn   | Place    | Note
-------+----------+-------------------------------------------
     0 | D:1      | gohu the Djinni Fire Elementalist began the quest for the
                  | Orb.
     0 | D:1      | gohu set off with the following spells memorised: Foxfire,
                  | Scorch, Volatile Blastmotes, Inner Flame, Flame Wave.
     0 | D:1      | Reached XP level 1. HP: 15/15 MP: 0/0
   197 | D:1      | Reached XP level 2. HP: 20/21 MP: 0/0
   446 | D:1      | Reached XP level 3. HP: 21/25 MP: 0/0
   446 | D:1      | Learned a level 1 spell: Apportation
  1300 | D:2      | Found a runed translucent door.
  1303 | D:2      | Noticed Crazy Yiuf
  1474 | D:3      | Noticed Terence
  1482 | D:3      | Killed Terence
  1483 | D:3      | Reached XP level 4. HP: 26/31 MP: 0/0
  1570 | D:3      | Reached XP level 5. HP: 34/35 MP: 0/0
  1570 | D:3      | Learned a level 2 spell: Static Discharge
  1958 | D:4      | Reached skill level 5 in Spellcasting
  1958 | D:4      | Reached skill level 5 in Conjurations
  1958 | D:4      | Reached skill level 5 in Hexes
  1958 | D:4      | Reached skill level 5 in Summonings
  1958 | D:4      | Reached skill level 5 in Necromancy
  1958 | D:4      | Reached skill level 5 in Translocations
  1958 | D:4      | Reached skill level 5 in Fire Magic
  1958 | D:4      | Reached skill level 5 in Ice Magic
  1958 | D:4      | Reached skill level 5 in Air Magic
  1958 | D:4      | Reached skill level 5 in Earth Magic
  1958 | D:4      | Reached skill level 5 in Alchemy
  1958 | D:4      | Reached XP level 6. HP: 31/40 MP: 0/0
  2147 | D:4      | Noticed an ogre
  2163 | D:4      | Killed an ogre
  2395 | D:4      | Reached XP level 7. HP: 22/45 MP: 0/0
  2395 | D:4      | Learned a level 3 spell: Tukima's Dance
  2635 | D:4      | Noticed diceflayer's ghost (novice DsFi)
  2637 | D:4      | Found a runed translucent door.
  3210 | D:4      | Identified the +0 leather armour of Liberalism {Rampage
                  | +Blink Dex-5}
  3374 | D:5      | Entered Level 5 of the Dungeon
  3423 | D:5      | HP: 1/45 [hound (4)]
  3423 | D:5      | Mangled by an iguana

Illustrated notes

Levels and vault maps discovered:
D:1:      co_arrival_square_in_a_square_in_a_square, layout_loops_ring,
          glass_columns_a, minmay_gold_behind_fungi, lexackson_kobold_supper
D:2:      layout_rooms, chequers_serial_rivers_large_b, uniq_crazy_yiuf_cottage
D:3:      layout_rooms, chequers_serial_rivers_micro_a, uniq_terence
D:4:      kennysheep_spiral_hall, layout_loops_corners,
          hellmonk_ghost_happy_afterlife
D:5:      layout_basic, serial_shops, nicolae_shop_tiny_waterfront, uniq_ijyb

Skill      XL: |  1  2  3  4  5  6 |
---------------+-------------------+-----
Spellcasting   | 4 5 6 |  6.9
Conjurations   | 4 5 6 |  6.9
Hexes          | 4 5 6 |  6.9
Summonings     | 4 5 6 |  6.9
Necromancy     | 4 5 6 |  6.9
Translocations | 4 5 6 |  6.9
Fire Magic     | 4 5 6 |  6.9
Ice Magic      | 4 5 6 |  6.9
Air Magic      | 4 5 6 |  6.9
Earth Magic    | 4 5 6 |  6.9
Alchemy        | 4 5 6 |  6.9
Dodging        | |  2.1
Stealth        | |  1.5

Action                     |  1- 3 |  4- 6 |  7- 9 || total
---------------------------+-------+-------+-------++-------
  Melee: Unarmed           |    18 |       |       ||    18
         Dagger            |       |     5 |     2 ||     7
   Cast: Foxfire           |    63 |    53 |    45 ||   161
         Scorch            |     3 |    12 |     7 ||    22
         Volatile Blastmot |     2 |     3 |     4 ||     9
         Flame Wave        |       |       |     1 ||     1
 Armour: Robe              |     3 |     8 |    24 ||    35
  Dodge: Dodged            |     1 |     8 |    18 ||    27
